 Dungeon Crawl Stone Soup version 0.23.1 (webtiles) character file.

Game seed: 8458770644029191066

4020 Cykl0x the Cleaver (level 10, -13/83 HPs)
             Began as a Minotaur Fighter on Mar 3, 2019.
             Was a Believer of Makhleb.
             Shot with a sling bullet by Joseph (15 damage)
             ... on level 8 of the Dungeon.
             The game lasted 00:17:20 (5823 turns).

Cykl0x the Cleaver (Minotaur Fighter)               Turns: 5823, Time: 00:17:20

Health: -13/83     AC: 11    Str: 29    XL:     10   Next: 3%
Magic:  9/9        EV:  9    Int:  5    God:    Makhleb [**....]
Gold:   348        SH: 13    Dex: 10    Spells: 9/9 levels left

rFire    . . .     SeeInvis .   a - +1 war axe
rCold    . . .     Gourm    .   c - +2 shield
rNeg     . . .     Faith    .   m - +0 chain mail
rPois    +         Spirit   .   (helmet restricted)
rElec    .         Reflect  .   l - +0 cloak
rCorr    .         Harm     .   (no gloves)
MR       .....                  (no boots)
Stlth    ..........             o - amulet of regeneration
HPRegen  0.63/turn              u - ring of poison resistance
MPRegen  0.11/turn              (no ring)

@: mighty
A: retaliatory headbutt, horns 2
a: Minor Destruction, Renounce Religion


You were on level 8 of the Dungeon.
You worshipped Makhleb.
Makhleb was pleased with you.
You were not hungry.

You visited 2 branches of the dungeon, and saw 9 of its levels.

You collected 348 gold pieces.

Inventory:

Hand Weapons
 a - a +1 war axe (weapon)
 g - a +4 flail of protection
 k - the +9 falchion of Duschabre {protect, rElec rF- rN++ Str+2}
   (You found it on level 8 of the Dungeon)

   It protects the one who uses it against injury (+AC on strike).
   It affects your strength (+2).
   It makes you vulnerable to fire.
   It insulates you from electricity.
   It greatly protects you from negative energy.
Missiles
 q - 4 tomahawks (quivered)
Armour
 c - a +2 shield (worn)
 l - a +0 cloak (worn)
 m - a +0 chain mail (worn)
Jewellery
 o - an amulet of regeneration (around neck)
 u - a ring of poison resistance (left hand)
Scrolls
 b - a scroll of fear
 h - 8 scrolls of teleportation
 s - 3 scrolls of remove curse
 v - 2 scrolls of immolation
 w - a scroll of blinking
 y - 4 scrolls of identify
Potions
 e - a potion of agility
 i - a potion of curing
 j - a potion of mutation {unknown}
 n - 2 potions of haste
 p - a potion of cancellation
 t - a potion of invisibility
Comestibles
 f - 15 rations
 x - 8 chunks of flesh


   Skills:
 + Level 5.8 Fighting
 * Level 11.4 Axes
 * Level 5.0 Throwing
 + Level 6.7 Armour
 * Level 5.4 Dodging
 + Level 0.1 Stealth
 + Level 7.4 Shields


You had 9 spell levels left.
You didn't know any spells.
Your spell library contained the following spells:

 Spells                   Type           Power        Failure   Level  Hunger
 Corona                   Hex            #......      100%        1    ##.....
 Magic Dart               Conj           #...         100%        1    ##.....
 Ensorcelled Hibernation  Hex/Ice        #.....       100%        2    ###....
 Searing Ray              Conj           #.....       100%        2    ###....
 Confuse                  Hex            #.......     100%        3    ####...
 Dazzling Spray           Conj/Hex       #.....       100%        3    ####...
 Tukima's Dance           Hex            #.......     100%        3    ####...
 Force Lance              Conj/Tloc      #.......     100%        4    #####..
 Fulminant Prism          Conj/Hex       #.........   100%        4    #####..
 Iskenderun's Mystic Bla  Conj           #.......     100%        4    #####..


Dungeon Overview and Level Annotations

Branches:
Dungeon (8/15)             Temple (1/1) D:5
   Lair: D:8-11

Altars:
Ashenzari
Cheibriados
Dithmenos
Elyvilon
Fedhas
Gozag
Hepliaklqana
Kikubaaqudgha
Makhleb
Nemelex Xobeh
Okawaru
Qazlal
Ru
Sif Muna
Trog
Uskayaw
Vehumet
Wu Jian
Xom
Yredelemnul
Zin
The Shining One

Shops:
D:5 %

Annotations:
D:7 3 runed translucent doors, Chiseanne's ghost, novice OpMo
D:8 Joseph


Innate Abilities, Weirdness & Mutations

You reflexively headbutt those who attack you in melee.
You have a pair of horns on your head.


Message History

You block the orc warrior's attack.
Joseph hits you with a +0 quarterstaff of protection!
* * * LOW HITPOINT WARNING * * *
You slash Joseph! You headbutt Joseph, but do no damage.
Joseph is almost dead.
You closely miss the orc warrior.
The orc priest mumbles some strange prayers to Beogh against you.
Beogh smites you!
* * * LOW HITPOINT WARNING * * *
The orc warrior hits you but does no damage.
Joseph unwields a +0 quarterstaff of protection.
Joseph wields a +0 hunting sling.
Joseph shoots a sling bullet.
The sling bullet hits you!
* * * LOW HITPOINT WARNING * * *
You see here a sling bullet.
You slash the orc warrior!
You kill the orc warrior!
Makhleb accepts your kill.
Joseph shoots a sling bullet.
The sling bullet hits you!
You die...

..#....# #...#
..(.. ##..# .....
#..## ......
#..####.. ..(...
..........
#......
....##...##
.o.(... .#.## ..#
######......$
.#.#
#.###...@)@o.....
##..
#.##..######.####
#.## #.##.## #.#
#....# .. ##..###
#. #..## .. ##..#
#. #...# #.
##.#.#


You could see Joseph, an orc priest and an orc.

Vanquished Creatures
  Prince Ribbit (D:7)
  A hippogriff (D:7)
  3 yaks (D:7)
  Edmund (D:5)
  Duvessa (D:7)
  An ice beast (D:7)
  2 sky beasts
  A phantom (D:5)
  2 orc warriors
  3 ogres
  3 centaurs
  Dowan (D:7)
  4 bullfrogs
  4 scorpions
  3 killer bees (D:7)
  5 howler monkeys
  5 crimson imps
  A quasit (D:5)
  2 orc priests
  2 jellies
  4 hounds
  A bullfrog skeleton (D:5)
  Crazy Yiuf (D:7)
  2 iguanas
  5 orc wizards
  3 worker ants
  A killer bee zombie (D:5)
  3 hound skeletons (D:7)
  A gnoll (D:2)
  14 adders
  2 shadow imps
  An ooze (D:2)
  An adder zombie (D:8)
  2 worms
  2 dart slugs
  4 leopard geckos
  28 orcs
  A ball python (D:4)
  3 giant cockroaches
  6 goblins
  10 hobgoblins
  9 jackals
  10 kobolds
  6 quokkas
  9 bats
  6 frilled lizards
  A jackal skeleton (D:4)
  3 rats (D:2)
185 creatures vanquished.

Notes
Turn   | Place    | Note
-------+----------+-------------------------------------------
     0 | D:1      | Cykl0x the Minotaur Fighter began the quest for the Orb.
     0 | D:1      | Reached XP level 1. HP: 19/19 MP: 0/0
    68 | D:1      | Reached XP level 2. HP: 23/27 MP: 1/1
   539 | D:1      | Reached skill level 3 in Axes
   648 | D:2      | Reached XP level 3. HP: 33/33 MP: 2/2
   660 | D:2      | Reached skill level 1 in Dodging
   951 | D:2      | Found a glowing golden altar of the Shining One.
  1035 | D:2      | Reached XP level 4. HP: 34/40 MP: 3/3
  1670 | D:3      | Found a sacrificial altar of Ru.
  1670 | D:3      | Found a shadowy altar of Dithmenos.
  1671 | D:3      | Found a snail-covered altar of Cheibriados.
  1671 | D:3      | Found a deep blue altar of Sif Muna.
  1685 | D:3      | Found an opulent altar of Gozag.
  1690 | D:3      | Reached skill level 1 in Throwing
  1695 | D:3      | Reached skill level 4 in Axes
  1695 | D:3      | Reached XP level 5. HP: 9/46 MP: 4/4
  2194 | D:3      | Reached skill level 5 in Axes
  2525 | D:4      | Noticed an ogre
  2544 | D:4      | Killed an ogre
  2544 | D:4      | Reached XP level 6. HP: 29/52 MP: 5/5
  2740 | D:4      | Reached skill level 6 in Axes
  2851 | D:5      | Entered Level 5 of the Dungeon
  2854 | D:5      | Noticed Edmund
  2865 | D:5      | Killed Edmund
  2865 | D:5      | Reached XP level 7. HP: 60/60 MP: 6/6
  2883 | D:5      | Reached skill level 7 in Axes
  3039 | D:5      | Reached skill level 5 in Armour
  3101 | D:5      | Reached skill level 5 in Shields
  3118 | D:5      | Found a staircase to the Ecumenical Temple.
  3145 | Temple   | Entered the Ecumenical Temple
  3166 | Temple   | Became a worshipper of Makhleb the Destroyer
  3521 | D:5      | Found Eruom's Food Boutique.
  3682 | D:6      | Reached XP level 8. HP: 34/67 MP: 7/7
  3796 | D:6      | Reached skill level 8 in Axes
  4295 | D:7      | Found a shimmering altar of Xom.
  4299 | D:7      | Reached skill level 5 in Fighting
  4326 | D:7      | Reached skill level 9 in Axes
  4426 | D:7      | Reached * piety under Makhleb
  4429 | D:7      | Reached XP level 9. HP: 59/74 MP: 8/8
  4490 | D:7      | Reached skill level 10 in Axes
  4567 | D:7      | Noticed Dowan
  4569 | D:7      | Noticed Duvessa
  4586 | D:7      | Killed Duvessa
  4592 | D:7      | HP: 3/74 [Dowan/shard of ice (15)]
  4605 | D:7      | Killed Dowan
  4890 | D:7      | Reached ** piety under Makhleb
  4890 | D:7      | Reached skill level 5 in Dodging
  4976 | D:7      | Noticed Prince Ribbit
  4978 | D:7      | Killed Prince Ribbit
  5026 | D:7      | Found a runed translucent door.
  5067 | D:7      | Noticed Crazy Yiuf
  5074 | D:7      | Killed Crazy Yiuf
  5074 | D:7      | Reached skill level 11 in Axes
  5329 | D:7      | Found a runed translucent gate.
  5329 | D:7      | Found a runed translucent gate.
  5329 | D:7      | Found a runed translucent gate.
  5329 | D:7      | Noticed Chiseanne's ghost (novice OpMo)
  5363 | D:7      | Found an iron altar of Okawaru.
  5625 | D:8      | Reached skill level 5 in Throwing
  5709 | D:8      | Got a crude falchion
  5710 | D:8      | Identified the +9 falchion of Duschabre {protect, rElec rF-
                  | rN++ Str+2} (You found it on level 8 of the Dungeon)
  5730 | D:8      | Reached XP level 10. HP: 83/83 MP: 9/9
  5761 | D:8      | Found an ornate altar of the Wu Jian Council.
  5797 | D:8      | Noticed Joseph
  5822 | D:8      | HP: 1/83 [Joseph/sling bullet (7)]
  5823 | D:8      | Shot with a sling bullet by Joseph

Skill      XL: |  1  2  3  4  5  6  7  8  9 |
---------------+----------------------------+-----
Axes           | 3 4 5 6 7 9 11 | 11.4
Dodging        | 1 2 3 4 5 |  5.4
Shields        | 4 5 6 7 |  7.4
Fighting       | 4 5 |  5.8
Armour         | 4 5 6 |  6.7
Throwing       | 1 2 3 5 |  5.0
Stealth        | |  0.1

Action                   |  1- 3 |  4- 6 |  7- 9 | 10-12 || total
-------------------------+-------+-------+-------+-------++-------
Melee: War axe           |    86 |   140 |   309 |    18 ||   553
       Headbutt          |    12 |    19 |    52 |     2 ||    85
Throw: Stone             |       |     8 |     4 |       ||    12
       Tomahawk          |       |    10 |    22 |     4 ||    36
  Use: Scroll            |     5 |     7 |     9 |     1 ||    22
       Potion            |       |     1 |     3 |     1 ||     5
  Eat: Chunk             |     1 |     6 |     7 |       ||    14
       Ration            |       |       |     1 |       ||     1
Armor: Scale mail        |    37 |     3 |       |       ||    40
       Chain mail        |       |    78 |   152 |     4 ||   234
Dodge: Dodged            |    28 |    43 |    64 |     3 ||   138
Block: Shield            |    46 |    88 |   194 |    13 ||   341
